 Dungeon Crawl Stone Soup version 0.30.1-4-g462c640d31 (webtiles) character file.

Game seed: 11914667749958603075

97 GordonOverkill the Chopper (level 4, 0/27 HPs)
             Began as a Gargoyle Wanderer on Aug 18, 2023.
             Was an Initiate of Makhleb.
             Slain by Grinder (9 damage)
             ... while paralysed by Grinder
             ... on level 3 of the Dungeon.
             The game lasted 00:05:46 (2342 turns).

GordonOverkill the Chopper (Gargoyle Wanderer)      Turns: 2342, Time: 00:05:46

Health: 0/27       AC:  9    Str: 17    XL:     4   Next: 68%
Magic:  5/5        EV:  2    Int: 14    God:    Makhleb [......]
Gold:   174        SH:  0    Dex:  8    Spells: 4/5 levels left

rFire   . . .        a - +0 hand axe
rCold   . . .        (no shield)
rNeg    + . .        m - +0 ring mail
rPois   ∞            e - +0 helmet
rElec   +            (no cloak)
rCorr   .            (no gloves)
SInv    .            (no boots)
Will    .....        (no amulet) Stlth
                     (no ring)
HPRegen 0.24/turn    (no ring)
MPRegen 0.09/turn

%: no passive effects
@: paralysed
A: sickness immunity, AC +3, negative energy resistance 1, electricity
resistance, torment resistance 1, petrification resistance
a: Renounce Religion


You were on level 3 of the Dungeon.
You worshipped Makhleb.
Makhleb was noncommittal.
You visited 1 branch of the dungeon, and saw 3 of its levels.

You collected 174 gold pieces.

Inventory:

Hand Weapons
 a - a +0 hand axe (weapon)
 c - a +0 dagger
Missiles
 b - 12 poisoned darts (quivered)
Armour
 e - a +0 helmet (worn)
 m - a +0 ring mail (worn)
Scrolls
 d - a scroll of blinking
 g - a scroll of teleportation
 h - a scroll of amnesia {unknown}
 i - a scroll of summoning
 j - a scroll of immolation
 k - a scroll of fear
 l - a scroll of fog {unknown}


   Skills:
 + Level 2.7 Fighting
 * Level 4.9 Axes
 - Level 1.0 Throwing
 - Level 1.0 Spellcasting
 - Level 1.7 Hexes
 + Level 1.0 Invocations


You had 4 spell levels left.
You knew the following spells:

 Your Spells              Type           Power      Damage    Failure   Level
a - Slow                  Hex            20%        N/A       24%         1

Your spell library contained the following spells:

 Spells                   Type           Power      Damage    Failure   Level
 Ensorcelled Hibernation  Hex/Ice        6%         N/A       45%         2
 Dazzling Flash           Conj/Hex       6%         N/A       71%         3
 Inner Flame              Hex/Fire       3%         N/A       71%         3
 Flame Wave               Conj/Fire      0%         2d4       99%         4
 Sticky Flame             Conj/Fire      0%         2d3       99%         4


Dungeon Overview and Level Annotations

Branches:
Dungeon (3/15)

Altars:
Makhleb
Xom

Shops:
D:1 !*:(

Annotations:
D:3 Grinder


Innate Abilities, Weirdness & Mutations

You are immune to sickness and miasma.
Your stone body is resilient. (AC +3)
You are immune to poison.
You resist negative energy. (rN+)
You are resistant to electric shocks. (rElec)
You are resistant to unholy torment.
You are immune to petrification.


Message History

Grinder is severely wounded.
Grinder gestures at you. Pain shoots through your body!
You closely miss Grinder.
Grinder is severely wounded.
Grinder blinks!
You flicker for a moment.
Grinder gestures at something.
You suddenly lose the ability to move!
Grinder gestures at something.
Pain shoots through your body!
Grinder says, "Mostly I couldn't keep them alive."
Grinder gestures at something.
You can move again.
Unknown command.
Unknown command.
Unknown command.
Unknown command.
Unknown command.
You flicker back into view.
Grinder closely misses you. Grinder gestures at you.
You barely resist.
You see here a hobgoblin corpse.
You hit Grinder.
Grinder is almost dead.
Grinder hits you.
* * * LOW HITPOINT WARNING * * *
You writhe in agony.
* * * LOW HITPOINT WARNING * * *
You closely miss Grinder.
Grinder is almost dead.
Grinder hits you.
* * * LOW HITPOINT WARNING * * *
You writhe in agony.
* * * LOW HITPOINT WARNING * * *
Grinder gestures at you.
You suddenly lose the ability to move!
Grinder hits you!
You die...

#.. .. .. #.# #.#.
#.# .... #.# ^.# #.##
##. #..## ######.#
####...#######.......
+....................
##..@5...#####.###...
#.#..##.# #.####..
#.#.###.# #.##....
#.#.. #.# #.##.##.
#.##.##.# ##.##.##.
#.# .##.# #........
..# .##.# #.#######
... ....# #.# # #..
#.# #


You could see Grinder.

Vanquished Creatures
  A crimson imp (D:3)
  Robin (D:3)
  An adder (D:2)
  4 bats
  6 endoplasms
  7 goblins
  4 hobgoblins
  8 kobolds
  4 ball pythons
  2 frilled lizards
  2 rats
40 creatures vanquished.

Notes
Turn   | Place    | Note
-------+----------+-------------------------------------------
     0 | D:1      | GordonOverkill the Gargoyle Wanderer began the quest for
                  | the Orb.
     0 | D:1      | GordonOverkill set off with the following items: a +0 hand
                  | axe, 12 poisoned darts, a +0 dagger, a scroll of blinking,
                  | a +0 leather armour; and the following spell memorised:
                  | Slow; and the following spells available to memorise:
                  | Ensorcelled Hibernation, Dazzling Flash.
     0 | D:1      | Reached XP level 1. HP: 12/12 MP: 2/2
   209 | D:1      | Found Xaynalan's Book Shop.
   215 | D:1      | Found Etiudedo's General Store.
   230 | D:1      | Found Boemnim's Distillery.
   239 | D:1      | Reached XP level 2. HP: 16/16 MP: 3/3
   339 | D:1      | Found Puurgh's Weapon Boutique.
   374 | D:1      | Reached skill level 4 in Axes
   574 | D:1      | Found a faded altar of an unknown god.
  1009 | D:2      | Noticed a scorpion
  1356 | D:2      | Reached XP level 3. HP: 2/21 MP: 4/4
  2042 | D:3      | Noticed Robin
  2124 | D:3      | Killed Robin
  2132 | D:3      | Reached XP level 4. HP: 27/27 MP: 5/5
  2185 | D:3      | Found a burning altar of Makhleb.
  2185 | D:3      | Found a shimmering altar of Xom.
  2232 | D:3      | Became a worshipper of Makhleb the Destroyer
  2302 | D:3      | Noticed Grinder
  2332 | D:3      | Paralysed by Grinder for 4 turns
  2341 | D:3      | Paralysed by Grinder for 5 turns
  2342 | D:3      | Slain by Grinder

Illustrated notes

Levels and vault maps discovered:
D:1:      dpeg_arrival_renting, layout_basic, serial_shops,
          nicolae_shop_industrial_runoff, nicolae_shop_back_alley_shop, shop,
          shop, hellmonk_ecumenical_altar_inner_sanctum, nrook_loot_triangle
D:2:      layout_rooms, lightli_corner_chamber
D:3:      layout_loops_corners, grunt_temple_overflow_champion_of_chaos,
          lemuel_tele_altar, hellmonk_no_cap, uniq_robin, uniq_grinder

Skill      XL: |  1  2  3 |
---------------+----------+-----
Axes           | 4 |  4.9
Fighting       | 2 |  2.7
Throwing       | |  1.0
Spellcasting   | |  1.0
Hexes          | |  1.7
Invocations    | |  1.0

Action                     |  1- 3 |  4- 6 || total
---------------------------+-------+-------++-------
  Melee: Hand axe          |   109 |    29 ||   138
         Punch             |     1 |       ||     1
    Use: Scroll            |     5 |       ||     5
         Potion            |       |     1 ||     1
   Stab: Invisible         |       |     2 ||     2
 Armour: Leather armour    |    29 |       ||    29
         Ring mail         |    14 |     4 ||    18
  Dodge: Dodged            |    53 |    16 ||    69
